 Seeded DCSS version 0.29.1-15-g9cfb28693d (webtiles) character file.

Game seed: 16245865983455551772 (custom seed)

4 Atreus the Shooter (level 1, 0/12 HPs)
             Began as a Kobold Hunter on Mar 9, 2023.
             Frozen to death by an endoplasm (1 damage)
             ... on level 1 of the Dungeon.
             The game lasted 00:01:12 (172 turns).

Atreus the Shooter (Kobold Hunter)                   Turns: 172, Time: 00:01:12

Health: 0/12       AC:  7    Str:  8    XL:     1   Next: 66%
Magic:  1/10       EV: 14    Int:  7    God:
Gold:   0          SH:  0    Dex: 18    Spells: 0/0 levels left

rFire   + . .      SeeInvis .   f - +0 hand crossbow (freeze)
rCold   x . .      Faith    .   (no shield)
rNeg    . . .      Spirit   .   c - +0 leather armour
rPois   .          Reflect  .   (no helmet)
rElec   .          Harm     .   (no cloak)
rCorr   .          Rampage  .   e - +3 Mad Mage's Maulers {Infuse+∞ RegenMP Int-3}
Will    .....                   (no boots)
Stlth   +++.......              (no amulet)
HPRegen 0.04/turn               d - ring "Igil Dae" {Fire MP+9}
MPRegen 0.52/turn               (no ring)

@: no status effects
A: small, no large weapons, nightstalker 3
a: no special abilities


You were on level 1 of the Dungeon.
You visited 1 branch of the dungeon, and saw 1 of its levels.

Inventory:

Hand Weapons
 a - a +0 shortbow
 f - a +0 hand crossbow of freezing (weapon)
Armour
 c - a +0 leather armour (worn)
 e - the +3 Mad Mage's Maulers (worn) {Infuse+∞ RegenMP Int-3}
   (You acquired it on level 1 of the Dungeon)

   It empowers its wearer's blows with all of their magic.
   It causes its wearer's magical reserves to regenerate more quickly.
   Int:       It affects your intelligence (-3).
Jewellery
 d - the ring "Igil Dae" (left hand) {Fire MP+9}
   (You acquired it on level 1 of the Dungeon)

   [ring of fire]

   It enhances your fire magic.
   rF:        It protects you from fire.
   rC:        It makes you vulnerable to cold.
   MP:        It affects your magic capacity (+9).
Scrolls
 b - a scroll of immolation
Potions
 g - a potion of might {unknown}


   Skills:
 + Level 2.1 Fighting
 + Level 5.5 Ranged Weapons
 + Level 0.2 Armour
 + Level 2.4 Dodging
 + Level 1.3 Stealth


You couldn't memorise any spells.
You didn't know any spells.
Your spell library was empty.

Dungeon Overview and Level Annotations

Branches:
Dungeon (1/15)

Altars:


Innate Abilities, Weirdness & Mutations

You are small and have problems with some larger weapons.
You are completely attuned to the shadows.


Message History

You are frozen.
You hit the endoplasm!!
You kill the endoplasm!
You start resting.
HP restored.
No target in view!
You start resting.
Magic restored.
g - a fuming brown potion An endoplasm comes into view.
The helpless endoplasm fails to defend itself.
You clumsily bash the endoplasm.
The endoplasm is almost dead.
The endoplasm barely misses you.
You clumsily bash the endoplasm but do no damage.
The endoplasm is almost dead.
The endoplasm closely misses you. x2
You clumsily bash the endoplasm but do no damage.
The endoplasm is almost dead.
The endoplasm freezes you.
You are frozen!
You feel a terrible chill!
Ouch! That really hurt!
You clumsily bash the endoplasm but do no damage.
The endoplasm is almost dead.
The endoplasm freezes you.
You are frozen.
You feel a terrible chill!
* * * LOW HITPOINT WARNING * * *
The endoplasm completely misses you.
You clumsily bash the endoplasm but do no damage.
The endoplasm is almost dead.
The endoplasm barely misses you.
You clumsily bash the endoplasm but do no damage.
The endoplasm is almost dead.
The endoplasm closely misses you. The endoplasm hits you.
* * * LOW HITPOINT WARNING * * *
You clumsily bash the endoplasm but do no damage.
The endoplasm is almost dead.
The endoplasm freezes you.
You are frozen.
You die...

.#....#.##.##..
.#..#.#.##....##
##..#..#.......#
#...#.###.#.#...
# ..# ##......
.# #.#.##.#
#.##.# # #.#
#.##+###.# ##
#.....@..#
##....J###
#.......# #
#.........# .
+.........+ #


You could see an endoplasm.

Vanquished Creatures
  2 endoplasms (D:1)
  A quokka (D:1)
3 creatures vanquished.

Notes
Turn   | Place    | Note
-------+----------+-------------------------------------------
     0 | D:1      | Atreus the Kobold Hunter began the quest for the Orb.
     0 | D:1      | Reached XP level 1. HP: 12/12 MP: 1/1
    67 | D:1      | Identified 3 scrolls of acquirement
    67 | D:1      | Acquired the +3 Mad Mage's Maulers {Infuse+∞ RegenMP Int-3}
    67 | D:1      | Found the +3 Mad Mage's Maulers {Infuse+∞ RegenMP Int-3}
    69 | D:1      | Acquired a +0 hand crossbow of freezing
    71 | D:1      | Acquired the ring "Igil Dae" {Fire MP+9}
   172 | D:1      | Frozen to death by an endoplasm

Illustrated notes

Levels and vault maps discovered:
D:1:      minmay_arrival_hallway, layout_loops_corners, basic_ecumenical_altar,
          minmay_unequal

Action                   || total
-------------------------++-------
Melee: Hand crossbow     ||     9
 Fire: Hand crossbow     ||     2
  Use: Scroll            ||     3
 Stab: Sleeping          ||     1
Dodge: Dodged            ||     6
